AoeStats
← emre_2626eses

Arabia

510378795Analyzed
1v1 RM · 18h ago on Sep 30, 2026· 52m 54s· 2 players
Game mode
Random Map
Map size
Tiny (2 player)
Population
200
Speed
Normal
Resources
Standard
Victory
Conquest
Starting age
Dark Age
Ending age
Imperial Age
RankedLock teamsTeams togetherTeam positionsShared explorationLock speedFull tech treeHidden civsTurbo modeCheats
Victory
Defeat
🇬🇧 Mongols · United Kingdom
704
+18
🇹🇷 Bulgarians · Türkiye
739
-18
jackamothegeordie
9:43 Loom
12:12 Feudal Age
15:00 Double-Bit Axe
14:58 Horse Collar
19:11 Castle Age
19:19 Fletching
19:44 Bloodlines
25:05 Wheelbarrow
27:37 Ballistics
27:16 Bodkin Arrow
31:37 Padded Archer Armor
33:01 Husbandry
36:55 Imperial Age
37:11 Scale Barding Armor
38:15 Heavy Plow
38:39 Hand Cart
48:23 Light Cavalry
49:27 Chain Barding Armor
50:01 Hussar
52:03 Forging
emre_2626eses
11:33 Feudal Age
12:41 Double-Bit Axe
16:25 Horse Collar
19:42 Castle Age
18:37 Gold Mining
18:38 Stone Mining
21:16 Bow Saw
21:07 Heavy Plow
26:05 Stone Shaft Mining
26:05 Gold Shaft Mining
25:25 Gambesons
25:52 Squires
25:40 Arson
26:19 Scale Mail Armor
26:30 Forging
26:26 Scale Barding Armor
30:36 Husbandry
30:46 Bloodlines
32:10 Elite Skirmisher
34:44 Padded Archer Armor
34:35 Fletching
41:27 Wheelbarrow
41:18 Thumb Ring
44:19 Imperial Age
46:45 Bodkin Arrow
47:06 Leather Archer Armor
47:11 Chain Barding Armor
47:27 Iron Casting
47:07 Chain Mail Armor
47:34 Wheelbarrow
48:37 Thumb Ring
Connection lost

Rejoining the realm…

Still unreachable

The connection could not be restored.

Session expired

The server has moved on; the page needs a fresh start.